PIO (24 & UNDER)
SURREY SINNERS @ EAU CLAIRE ESQUIRES
07/04/2028
 
TOP OF THE 1ST
Surrey Sinners batting - Pitching for Eau Claire Esquires : RHP Tom Emery
Pitching: RHP Tom Emery
Batting: RHB Marcos Liñares 0-0: Ball
1-0: Called Strike
1-1: Foul Ball, location: 2F
1-2: Ground out 1-3 (Groundball, P)
Batting: RHB Félix Carbajal 0-0: Ball
1-0: Ground out 6-3 (Groundball, 6)
Batting: SHB António Ramos 0-0: Fly out, F9 (Flyball, 9S)
Top of the 1st over - 0 run(s), 0 hit(s), 0 error(s), 0 left on base; Surrey 0 - Eau Claire 0
BOTTOM OF THE 1ST
Eau Claire Esquires batting - Pitching for Surrey Sinners : LHP Dennis Morales
Pitching: LHP Dennis Morales
Batting: RHB Juan Castillo 0-0: Swinging Strike
0-1: SINGLE (Line Drive, 9S)
Batting: RHB Xie-li Fong 0-0: Called Strike
0-1: Ball
1-1: Foul Ball, location: 2F
1-2: Ball
2-2: Ball
Juan Castillo is caught stealing 2nd base
3-2: Foul Ball, location: 2F
3-2: Foul Ball, location: 2F
3-2: SINGLE (Flyball, 89S)
Batting: LHB Johnny Foley 0-0: Ball
1-0: Ball
2-0: Ground out 4-3 (Groundball, 4S)
Xie-li Fong to second
Batting: RHB Terry Perkins 0-0: Called Strike
0-1: Ball
1-1: Swinging Strike
1-2: Foul Ball, location: 2F
1-2: Ball
2-2: Foul Ball, location: 2F
2-2: Strikes out swinging
Bottom of the 1st over - 0 run(s), 2 hit(s), 0 error(s), 1 left on base; Surrey 0 - Eau Claire 0
TOP OF THE 2ND
Surrey Sinners batting - Pitching for Eau Claire Esquires : RHP Tom Emery
Batting: LHB Juan Hinojosa 0-0: Called Strike
0-1: Ball
1-1: Called Strike
1-2: Ball
2-2: Ball
3-2: Fly out, F7 (Flyball, 7D)
Batting: RHB Dennis House 0-0: Ball
1-0: Ball
2-0: Ball
3-0: Called Strike
3-1: Foul Ball, location: 2F
3-2: SINGLE (Popup, 3D)
Batting: RHB John Stevens 0-0: 2-RUN HOME RUN (Flyball, 78XD), Distance : 368 ft
Batting: SHB Norberto Muñóz 0-0: Foul Ball, location: 2F
0-1: Ball
1-1: Foul Ball, location: 2F
1-2: Ball
2-2: Foul Ball, location: 2F
2-2: Ball
3-2: Ground out U3 (Groundball, 34)
Batting: RHB Mauro Paredes 0-0: Ball
1-0: Ground out 4-3 (Groundball, 4MS)
Top of the 2nd over - 2 run(s), 2 hit(s), 0 error(s), 0 left on base; Surrey 2 - Eau Claire 0
BOTTOM OF THE 2ND
Eau Claire Esquires batting - Pitching for Surrey Sinners : LHP Dennis Morales
Batting: RHB Eric Black 0-0: Foul Ball, location: 2F
0-1: Ball
1-1: Ball
2-1: Ball
3-1: Base on Balls
Batting: RHB Tomás Rivera 0-0: Ball
1-0: Foul Ball, location: 2F
1-1: Ball
2-1: Fly out, F3 (Popup, 3L)
Batting: RHB Kyle McIntyre 0-0: Ball
1-0: Called Strike
1-1: Swinging Strike
1-2: Ball
2-2: Foul Ball, location: 2F
2-2: Ball
3-2: Foul Ball, location: 2F
3-2: Strikes out swinging
Batting: RHB Gary Roberts 0-0: Ball
1-0: Called Strike
1-1: Ball
2-1: Ball
3-1: Swinging Strike
3-2: Strikes out swinging, 2-3 out at first.
Bottom of the 2nd over - 0 run(s), 0 hit(s), 0 error(s), 1 left on base; Surrey 2 - Eau Claire 0
TOP OF THE 3RD
Surrey Sinners batting - Pitching for Eau Claire Esquires : RHP Tom Emery
Batting: LHB Jorge Martínez 0-0: Ball
1-0: Ball
2-0: Ball
3-0: Called Strike
3-1: SINGLE (Line Drive, 9LS)
Batting: RHB Marcos Liñares 0-0: Foul Ball, location: 2F
0-1: Foul Ball, location: 2F
0-2: SINGLE (Groundball, 6MD)
Jorge Martínez to second
Batting: RHB Félix Carbajal 0-0: Foul Ball, location: 2F
0-1: Fly out, F8 (Flyball, 8RXD)
Runner from 2nd tags up, SAFE at 3rd, no throw
Batting: SHB António Ramos 0-0: Ball
1-0: Called Strike
1-1: SINGLE (Groundball, 34D)
Jorge Martínez scores
Marcos Liñares to second
Runner from 2nd tries for 3rd, SAFE, throw made to third
António Ramos to second
Batting: LHB Juan Hinojosa 0-0: Called Strike
0-1: Ball
1-1: Swinging Strike
1-2: Strikes out swinging
Batting: RHB Dennis House 0-0: Called Strike
0-1: Ball
1-1: Ball
2-1: Ball
3-1: Called Strike
3-2: Strikes out looking
Top of the 3rd over - 1 run(s), 3 hit(s), 0 error(s), 2 left on base; Surrey 3 - Eau Claire 0
BOTTOM OF THE 3RD
Eau Claire Esquires batting - Pitching for Surrey Sinners : LHP Dennis Morales
Batting: LHB Lorenzo Vargas 0-0: Ball
1-0: Foul Ball, location: 2F
1-1: Foul Ball, location: 2F
1-2: Foul Ball, location: 2F
1-2: Strikes out swinging
Batting: RHB Juan Castillo 0-0: Ball
1-0: Swinging Strike
1-1: Foul Ball, location: 2F
1-2: Foul Ball, location: 2F
1-2: Ground out 5-3 (Groundball, 56)
Batting: RHB Xie-li Fong 0-0: Foul Ball, location: 2F
0-1: Swinging Strike
0-2: Foul Ball, location: 2F
0-2: Strikes out looking
Bottom of the 3rd over - 0 run(s), 0 hit(s), 0 error(s), 0 left on base; Surrey 3 - Eau Claire 0
TOP OF THE 4TH
Surrey Sinners batting - Pitching for Eau Claire Esquires : RHP Tom Emery
Batting: RHB John Stevens 0-0: Called Strike
0-1: Ball
1-1: Swinging Strike
1-2: Foul Ball, location: 2F
1-2: Fly out, F9 (Flyball, 9S)
Batting: SHB Norberto Muñóz 0-0: Called Strike
0-1: Foul Ball, location: 2F
0-2: Ball
1-2: Ball
2-2: Foul Ball, location: 2F
2-2: Strikes out looking
Batting: RHB Mauro Paredes 0-0: Called Strike
0-1: Called Strike
0-2: Ground out 3-1 (Groundball, 34)
Top of the 4th over - 0 run(s), 0 hit(s), 0 error(s), 0 left on base; Surrey 3 - Eau Claire 0
BOTTOM OF THE 4TH
Eau Claire Esquires batting - Pitching for Surrey Sinners : LHP Dennis Morales
Batting: LHB Johnny Foley 0-0: Ball
1-0: Ground out 6-3 (Groundball, 6)
Batting: RHB Terry Perkins 0-0: Ball
1-0: SOLO HOME RUN (Flyball, 7LD), Distance : 310 ft
Batting: RHB Eric Black 0-0: Ball
1-0: Swinging Strike
1-1: Foul Ball, location: 2F
1-2: Ball
2-2: Ball
3-2: Strikes out swinging
Batting: RHB Tomás Rivera 0-0: Called Strike
0-1: Ball
1-1: Ground out 5-3 (Groundball, 56)
Bottom of the 4th over - 1 run(s), 1 hit(s), 0 error(s), 0 left on base; Surrey 3 - Eau Claire 1
TOP OF THE 5TH
Surrey Sinners batting - Pitching for Eau Claire Esquires : RHP Tom Emery
Batting: LHB Jorge Martínez 0-0: DOUBLE (Flyball, 89D)
Batting: RHB Marcos Liñares 0-0: Called Strike
0-1: Ball
1-1: Ball
2-1: Ball
3-1: Called Strike
3-2: Base on Balls
Batting: RHB Félix Carbajal 0-0: Ball
1-0: Foul Ball, location: 2F
1-1: Ball
2-1: DOUBLE (Line Drive, 89D)
Jorge Martínez scores
Marcos Liñares to third
Batting: SHB António Ramos 0-0: Ball
1-0: Ball
2-0: Foul Ball, location: 2F
2-1: Ball
3-1: Called Strike
3-2: Strikes out swinging
Batting: LHB Juan Hinojosa 0-0: Foul Ball, location: 2F
0-1: Ball
1-1: Ball
2-1: Ground out U3 (Groundball, 3S)
Pitching: RHP John Silva
Batting: RHB Dennis House 0-0: Ball
1-0: Ball
2-0: Called Strike
2-1: Foul Ball, location: 2F
2-2: Ball
3-2: Strikes out looking
Top of the 5th over - 1 run(s), 2 hit(s), 0 error(s), 2 left on base; Surrey 4 - Eau Claire 1
BOTTOM OF THE 5TH
Eau Claire Esquires batting - Pitching for Surrey Sinners : LHP Dennis Morales
Batting: RHB Kyle McIntyre 0-0: Ball
1-0: SINGLE (Line Drive, 8LS)
Batting: RHB Gary Roberts 0-0: Ball
1-0: Ball
2-0: Ball
3-0: Called Strike
3-1: Called Strike
3-2: Fly out, F6 (Line Drive, 56)
Batting: LHB Lorenzo Vargas 0-0: Ball
1-0: Called Strike
1-1: Called Strike
1-2: Foul Ball, location: 2F
1-2: Foul Ball, location: 2F
1-2: Foul Ball, location: 2F
1-2: Fielders Choice at 2nd, 6-4 (Groundball, 6M)
Pitching: RHP Doug Spencer
Batting: RHB Juan Castillo 0-0: Called Strike
0-1: Ball
1-1: Ball
2-1: Ball
3-1: Foul Ball, location: 2F
3-2: Base on Balls
Lorenzo Vargas to second
Batting: RHB Xie-li Fong 0-0: Called Strike
0-1: Ball
1-1: Ball
2-1: Ball
3-1: Called Strike
3-2: Base on Balls
Lorenzo Vargas to third
Juan Castillo to second
Batting: LHB Johnny Foley 0-0: Ball
1-0: Swinging Strike
1-1: Swinging Strike
1-2: Ball
2-2: Ball
3-2: Ground out U3 (Groundball, 3L)
Bottom of the 5th over - 0 run(s), 1 hit(s), 0 error(s), 3 left on base; Surrey 4 - Eau Claire 1
TOP OF THE 6TH
Surrey Sinners batting - Pitching for Eau Claire Esquires : RHP John Silva
Batting: RHB John Stevens 0-0: Ball
1-0: Swinging Strike
1-1: Ball
2-1: Foul Ball, location: 2F
2-2: Strikes out looking
Batting: SHB Norberto Muñóz 0-0: Foul Ball, location: 2F
0-1: Called Strike
0-2: Ball
1-2: Ball
2-2: Ball
3-2: Base on Balls
Batting: RHB Mauro Paredes 0-0: Ball
1-0: Fly out, F8 (Line Drive, 8RM)
Batting: LHB Jorge Martínez 0-0: Ball
1-0: Fielders Choice at 2nd, 4-6 (Groundball, 4)
Top of the 6th over - 0 run(s), 0 hit(s), 0 error(s), 0 left on base; Surrey 4 - Eau Claire 1
BOTTOM OF THE 6TH
Eau Claire Esquires batting - Pitching for Surrey Sinners : RHP Doug Spencer
Batting: RHB Terry Perkins 0-0: Called Strike
0-1: Ball
1-1: Ball
2-1: Foul Ball, location: 2F
2-2: SINGLE (Groundball, 34D)
Batting: RHB Eric Black 0-0: Called Strike
0-1: Ball
1-1: Ball
2-1: Ball
3-1: Base on Balls
Terry Perkins to second
Batting: RHB Tomás Rivera 0-0: Ball
1-0: Fly out, F4 (Popup, 4)
Batting: RHB Kyle McIntyre 0-0: Ball
1-0: Fly out, F6 (Line Drive, 6M)
Batting: RHB Gary Roberts 0-0: Ball
Wild Pitch!
Terry Perkins to third
Eric Black to second
1-0: Foul Ball, location: 2F
1-1: Swinging Strike
1-2: Ball
2-2: Strikes out looking
Bottom of the 6th over - 0 run(s), 1 hit(s), 0 error(s), 2 left on base; Surrey 4 - Eau Claire 1
TOP OF THE 7TH
Surrey Sinners batting - Pitching for Eau Claire Esquires : RHP John Silva
Batting: RHB Marcos Liñares 0-0: Ball
1-0: Ball
2-0: Foul Ball, location: 2F
2-1: Ball
3-1: Called Strike
3-2: Foul Ball, location: 2F
3-2: Foul Ball, location: 2F
3-2: Base on Balls
Batting: RHB Félix Carbajal 0-0: Ball
1-0: Called Strike
1-1: Called Strike
1-2: Hit by Pitch
Marcos Liñares to second
Batting: SHB António Ramos 0-0: Called Strike
Marcos Liñares steals 3rd base
Félix Carbajal to second
0-1: Ball
1-1: SINGLE (Line Drive, 6MD)
Marcos Liñares scores
Félix Carbajal to third
Runner from 3rd tries for Home, SAFE, throw made home
António Ramos to second
Pitching: RHP Armando Torres
Batting: LHB Juan Hinojosa 0-0: Ball
1-0: Ball
2-0: Ball
3-0: Base on Balls
Batting: RHB Dennis House 0-0: Grounds into double play, 4-6-3 (Groundball, 4)
António Ramos to third
Batting: RHB John Stevens 0-0: Foul Ball, location: 2F
0-1: Ball
1-1: Fly out, F9 (Flyball, 9)
Top of the 7th over - 2 run(s), 1 hit(s), 0 error(s), 1 left on base; Surrey 6 - Eau Claire 1
BOTTOM OF THE 7TH
Eau Claire Esquires batting - Pitching for Surrey Sinners : RHP Doug Spencer
Batting: LHB Lorenzo Vargas 0-0: Called Strike
0-1: Ball
1-1: SINGLE (Line Drive, 89S)
Batting: RHB Juan Castillo 0-0: Swinging Strike
0-1: Called Strike
0-2: Strikes out swinging
Batting: RHB Xie-li Fong 0-0: Ball
1-0: Fly out, F8 (Flyball, 8RM)
Batting: LHB Johnny Foley 0-0: Called Strike
0-1: Ball
1-1: Ball
Pickoff Throw to First - Out!
Bottom of the 7th over - 0 run(s), 1 hit(s), 0 error(s), 0 left on base; Surrey 6 - Eau Claire 1
TOP OF THE 8TH
Surrey Sinners batting - Pitching for Eau Claire Esquires : RHP Armando Torres
Batting: SHB Norberto Muñóz 0-0: Ball
1-0: Ball
2-0: Ball
3-0: Base on Balls
Batting: RHB Mauro Paredes 0-0: Called Strike
0-1: Ball
1-1: Foul Ball, location: 2F
1-2: Ball
2-2: Foul Ball, location: 2F
2-2: Strikes out looking
Batting: LHB Jorge Martínez 0-0: Called Strike
0-1: Ball
1-1: Swinging Strike
1-2: Ball
2-2: Fielders Choice at 2nd, 1-4 (Groundball, 15S)
Batting: RHB Marcos Liñares 0-0: Called Strike
0-1: Fly out, F6 (Popup, 6)
Top of the 8th over - 0 run(s), 0 hit(s), 0 error(s), 1 left on base; Surrey 6 - Eau Claire 1
BOTTOM OF THE 8TH
Eau Claire Esquires batting - Pitching for Surrey Sinners : RHP Doug Spencer
Batting: LHB Johnny Foley 0-0: Ball
1-0: Called Strike
1-1: Ball
2-1: Ball
3-1: SINGLE (Groundball, 56D)
Batting: RHB Terry Perkins 0-0: Called Strike
0-1: Ball
1-1: Fly out, F9 (Flyball, 9S)
Batting: RHB Eric Black 0-0: Ball
1-0: Fly out, F5 (Line Drive, 5F)
Batting: RHB Tomás Rivera 0-0: Called Strike
0-1: Ball
1-1: Ball
2-1: Ball
3-1: Called Strike
3-2: Foul Ball, location: 2F
3-2: Base on Balls
Johnny Foley to second
Batting: RHB Kyle McIntyre 0-0: Ball
1-0: Foul Ball, location: 2F
1-1: Foul Ball, location: 2F
1-2: Foul Ball, location: 2F
1-2: Strikes out swinging
Bottom of the 8th over - 0 run(s), 1 hit(s), 0 error(s), 2 left on base; Surrey 6 - Eau Claire 1
TOP OF THE 9TH
Surrey Sinners batting - Pitching for Eau Claire Esquires : RHP Armando Torres
Batting: RHB Félix Carbajal 0-0: Foul Ball, location: 2F
0-1: Foul Ball, location: 2F
0-2: Strikes out swinging
Batting: SHB António Ramos 0-0: Ball
1-0: Ball
2-0: Called Strike
2-1: Ground out 4-3 (Groundball, 4S)
Batting: LHB Juan Hinojosa 0-0: Called Strike
0-1: Swinging Strike
0-2: Ball
1-2: Strikes out swinging
Top of the 9th over - 0 run(s), 0 hit(s), 0 error(s), 0 left on base; Surrey 6 - Eau Claire 1
BOTTOM OF THE 9TH
Eau Claire Esquires batting - Pitching for Surrey Sinners : RHP Doug Spencer
Batting: RHB Gary Roberts 0-0: Called Strike
0-1: Foul Ball, location: 2F
0-2: Hit by Pitch
Batting: LHB Lorenzo Vargas 0-0: Swinging Strike
0-1: Ball
1-1: Called Strike
1-2: Foul Ball, location: 2F
1-2: Ball
2-2: Ball
3-2: Foul Ball, location: 2F
3-2: Base on Balls
Gary Roberts to second
Batting: RHB Juan Castillo 0-0: Ball
1-0: Ball
2-0: SINGLE (Line Drive, 5L)
Gary Roberts to third
Lorenzo Vargas to second
Pitching: LHP Miguel Pazo
Batting: RHB Xie-li Fong 0-0: Called Strike
0-1: Foul Ball, location: 2F
0-2: Ball
1-2: Strikes out swinging
Batting: LHB Johnny Foley 0-0: Ball
1-0: Called Strike
1-1: SINGLE (Groundball, 3D)
Gary Roberts scores
Lorenzo Vargas to third
Juan Castillo to second
Batting: RHB Terry Perkins 0-0: Called Strike
0-1: Ball
1-1: Ball
2-1: Grounds into double play, 4-6-3 (Groundball, 4M)
Bottom of the 9th over - 1 run(s), 2 hit(s), 0 error(s), 2 left on base; Surrey 6 - Eau Claire 2
Tuesday, August 8th, 2017 - OOTP Baseball 17.12 Build 75